 Dungeon Crawl Stone Soup version 0.29-a0-322-g68df515428 (webtiles) character file.

Game seed: 7561070636563875760

1655 Laraso the Insei (level 8, -7/67 HPs)
             Began as a White Draconian Transmuter on Apr 5, 2022.
             Killed by vampiric draining
             ... invoked by a vampire
              (18 damage)
             ... on level 6 of the Dungeon.
             The game lasted 00:12:42 (7434 turns).

Laraso the Insei (White Draconian Transmuter)       Turns: 7434, Time: 00:12:43

Health: -7/67      AC: 13    Str: 12    XL:     8   Next: 68%
Magic:  15/21      EV: 13    Int: 16    God:
Gold:   211        SH:  0    Dex: 12    Spells: 0/13 levels left

rFire   . . .      SeeInvis .     - Unarmed
rCold   + . .      Faith    .   (no shield)
rNeg    . . .      Spirit   .   (body armour unavailable)
rPois   .          Reflect  .   (helmet restricted)
rElec   .          Harm     .   d - +0 cloak
rCorr   .          Rampage  .   (no gloves)
Will    .....                   (no boots)
Stlth   +.........              (no amulet)
HPRegen 0.21/turn               s - ring of magical power
MPRegen 0.17/turn               (no ring)

@: ice-armoured, about to teleport, very slightly contaminated
A: breathe frost, AC +6, unfitting armour, cold resistance 1, cold-blooded
a: Breathe Frost


You were on level 6 of the Dungeon.
You visited 1 branch of the dungeon, and saw 6 of its levels.
You also visited: Sewer.

You collected 425 gold pieces.
You spent 214 gold pieces at shops.

Inventory:

Armour
 d - a +0 cloak (worn)
Jewellery
 s - a ring of magical power (left hand)
Wands
 e - a wand of iceblast (6)
 r - a wand of polymorph (5)
Scrolls
 f - 3 scrolls of vulnerability
 j - a scroll of enchant armour
 o - a scroll of summoning
 t - a scroll of fear
 u - a scroll of identify
Potions
 a - a potion of invisibility
 b - a potion of attraction
 c - 3 potions of cancellation
 g - 2 potions of mutation
 h - 2 potions of haste
 i - 2 potions of magic
 k - a potion of heal wounds
 l - a potion of ambrosia
 m - a potion of curing
 n - 3 potions of might
 p - a potion of berserk rage


   Skills:
 * Level 4.3 Fighting
 - Level 4.0 Dodging
 - Level 7.0 Unarmed Combat
 - Level 3.0 Spellcasting
 - Level 5.0 Transmutations
 - Level 4.0 Ice Magic
 - Level 3.0 Poison Magic


You couldn't memorise any spells.
You knew the following spells:

 Your Spells              Type           Power      Damage    Failure   Level
a - Beastly Appendage     Tmut           36%        N/A       2%          1
b - Wereblood             Tmut           18%        N/A       3%          2
c - Spider Form           Tmut/Pois      15%        N/A       11%         3
d - Ice Form              Ice/Tmut       16%        N/A       28%         4
e - Ozocubu's Armour      Ice            15%        N/A       11%         3

Your spell library contained the following spells:

 Spells                   Type           Power      Damage    Failure   Level
 Animate Skeleton         Necr           4%         N/A       19%         1
 Pain                     Necr           8%         1d4       19%         1
 Sublimation of Blood     Necr           2%         N/A       28%         2
 Vampiric Draining        Necr           2%         2d6       50%         3
 Petrify                  Tmut/Erth      10%        N/A       54%         4
 Irradiate                Conj/Tmut      5%         3d15      88%         5
 Metabolic Englaciation   Hex/Ice        4%         N/A       92%         5
 Simulacrum               Ice/Necr       4%         N/A       100%        6
 Chain Lightning          Conj/Air       1%         3d1       100%        9
 Fire Storm               Conj/Fire      1%         7d1       100%        9
 Shatter                  Erth           1%         3d5*      100%        9


Dungeon Overview and Level Annotations

Branches:
Dungeon (6/15)              Sewer (visited)
 Temple: D:4-7

Altars:
Elyvilon
Qazlal
Uskayaw
Wu Jian
Yredelemnul
Zin

Shops:
D:4 !   D:6 !


Innate Abilities, Weirdness & Mutations

You can breathe waves of freezing cold which knock back foes.
Your icy white scales are hard. (AC +6)
You cannot fit into any form of body armour.
Your flesh is cold resistant. (rC+)
You are cold-blooded and may be slowed by cold attacks.


Message History

The vampire is severely damaged.
You hit the vampire but do no damage.
The vampire is severely damaged.
The vampire hits you but does no damage.
The vampire completely misses you.
You hit the vampire but do no damage.
The vampire is severely damaged.
The vampire gestures wildly while chanting.
The vampire flickers and vanishes!
Deactivating autopickup; reactivate with Ctrl-A.
Your icy armour will break if you move.
Continue? [Y]es or [N]o only, please.
Your icy armour will break if you move.
Continue? [Y]es or [N]o only, please.
Your icy armour will break if you move.
Continue?
Okay, then.
Your icy armour will break if you move.
Continue? [Y]es or [N]o only, please.
Your icy armour will break if you move.
Continue?
Okay, then.
You closely miss something. Something draws life force from you!
You hit something but do no damage. Something hits you but does no damage.
Something bites you but does no damage.
You barely miss something. Something hits you but does no damage.
Something bites you.
Something draws strength from your injuries!
You completely miss something. Something barely misses you.
Something bites you.
Something draws strength from your injuries!
As you read the scroll of teleportation, it crumbles to dust.
You feel strangely unstable. Something closely misses you.
Something barely misses you.
You bite something!
Your transformation has ended.
Your +0 cloak unmelds from your body.
Something barely misses you. Something bites you!
* * * LOW HITPOINT WARNING * * *
Something draws strength from your injuries!
You hit something. Something draws life force from you!!
You die...

#........###....##
####.###.# #.....#
####.# #.# ##...##
#....# #.# ##..#
#....# #.#####..#
#...## #........#
##.## #######+##
#.# ##...## #@#
##.....## #{#
##.......# #..
#......... ....
+.....<... #....
#.....♣... .....#
##...♣.♣.. #...##
#..♣...♣. ##.##
#####♣..∩.†♣
......♣...♣.


There were no monsters in sight!

Vanquished Creatures
  Sigmund (D:2)
  A steam dragon (D:5)
  A sky beast (D:6)
  A phantom (D:4)
  A centaur (D:6)
  2 bullfrogs (Sewer)
  2 gnoll sergeants
  A water moccasin zombie (D:5)
  A howler monkey (D:5)
  3 bullfrog zombies (D:5)
  A centaur zombie (D:5)
  A hound (D:6)
  A jelly (D:5)
  Crazy Yiuf (D:3)
  Ijyb (D:4)
  Natasha (twice) (D:3)
  3 iguanas
  A killer bee zombie (D:5)
  19 gnolls
  9 adders
  8 river rats (Sewer)
  A dart slug (D:4)
  2 orcs
  8 bats
  8 endoplasms
  11 giant cockroaches
  7 hobgoblins
  2 jackals (D:1)
  4 quokkas
  14 ball pythons
  10 frilled lizards
  10 goblins
  10 kobolds
  27 rats
175 creatures vanquished.

Notes
Turn   | Place    | Note
-------+----------+-------------------------------------------
     0 | D:1      | Laraso the Draconian Transmuter began the quest for the
                  | Orb.
     0 | D:1      | Reached XP level 1. HP: 16/16 MP: 3/3
   353 | D:1      | Reached XP level 2. HP: 20/23 MP: 3/5
   356 | D:1      | Learned a level 2 spell: Wereblood
   621 | D:1      | Reached skill level 4 in Unarmed Combat
   785 | D:1      | Found a faded altar of an unknown god.
   952 | D:1      | Reached XP level 3. HP: 23/28 MP: 4/6
  1521 | D:2      | Found a white marble altar of Elyvilon.
  1663 | D:2      | Reached skill level 5 in Unarmed Combat
  1663 | D:2      | Reached XP level 4. HP: 25/35 MP: 7/7
  1905 | D:2      | Noticed Sigmund
  2198 | D:2      | Killed Sigmund
  2199 | D:2      | Reached skill level 6 in Unarmed Combat
  2199 | D:2      | Reached XP level 5. HP: 38/40 MP: 8/8
  2563 | D:3      | Found a glowing silver altar of Zin.
  2667 | D:3      | Learned a level 3 spell: Spider Form
  2718 | D:3      | Found a runed translucent door.
  2719 | D:3      | Noticed Crazy Yiuf
  2727 | D:3      | Killed Crazy Yiuf
  2728 | D:3      | Reached XP level 6. HP: 30/47 MP: 5/9
  2861 | D:3      | Noticed Natasha
  2866 | D:3      | Killed Natasha
  2867 | D:3      | Reached skill level 7 in Unarmed Combat
  2873 | D:3      | Found a glowing drain.
  2892 | Sewer    | Entered a sewer
  2937 | Sewer    | Reached skill level 1 in Poison Magic
  3578 | Sewer    | Your scales start taking on an icy white colour.
  3578 | Sewer    | Reached XP level 7. HP: 51/52 MP: 5/10
  3578 | Sewer    | Gained mutation: Your flesh is cold resistant. (rC+) [White
                  | Draconian growth]
  3989 | D:3      | Noticed Natasha
  3997 | D:3      | Killed Natasha
  4110 | D:4      | Learned a level 4 spell: Ice Form
  4443 | D:4      | Reached skill level 1 in Ice Magic
  5010 | D:4      | Found an ornate altar of the Wu Jian Council.
  5097 | D:4      | Found a stormy altar of Qazlal.
  5281 | D:4      | Found Oneun Pei's Distillery.
  5282 | D:4      | Noticed Ijyb
  5310 | D:4      | Killed Ijyb
  5322 | D:4      | Bought a potion of heal wounds for 70 gold pieces
  5416 | D:5      | Entered Level 5 of the Dungeon
  5884 | D:5      | Reached skill level 5 in Transmutations
  5891 | D:5      | Reached XP level 8. HP: 25/59 MP: 6/11
  6097 | D:5      | Found a hide-covered altar of Uskayaw.
  6776 | D:5      | Found a basalt altar of Yredelemnul.
  7187 | D:6      | Found Zysyakk's Distillery.
  7236 | D:6      | Bought a potion of curing for 36 gold pieces
  7236 | D:6      | Bought a potion of might for 48 gold pieces
  7236 | D:6      | Bought a potion of berserk rage for 60 gold pieces
  7310 | D:6      | Learned a level 3 spell: Ozocubu's Armour
  7434 | D:6      | Killed from afar by a vampire

Illustrated notes

Levels and vault maps discovered:
D:1:      lemuel_arrival_cross, layout_loops_ring,
          hellmonk_ecumenical_altar_prayer_group, minmay_liquid_box,
          ebering_dispersal_statue_hall
D:2:      minmay_diamond_boxcup, layout_loops_ring, basic_altar,
          minmay_diced_spiral, uniq_sigmund
D:3:      layout_loops_ring, mainiacjoe_overflow_paths, portal_sewer_entry_a,
          uniq_crazy_yiuf_cottage, uniq_natasha
D:4:      layout_basic, kennysheep_little_box, marbit_many_paths, serial_shops,
          shop, uniq_ijyb
D:5:      layout_basic, nicolae_yredelemnul_corpse_copse,
          mainiacjoe_overflow_24_doors
D:6:      dreamdust_elfheim, layout_loops_corners, minmay_temple_entry_slanted,
          serial_shops, nicolae_diamond_shop

Skill      XL: |  1  2  3  4  5  6  7  8 |
---------------+-------------------------+-----
Unarmed Combat | 4 5 6 7 |  7.0
Poison Magic   | 2 3 |  3.0
Transmutations | 3 5 |  5.0
Ice Magic      | 4 |  4.0
Dodging        | 4 |  4.0
Fighting       | 4 |  4.3
Spellcasting   | 3 |  3.0

Action                   |  1- 3 |  4- 6 |  7- 9 || total
-------------------------+-------+-------+-------++-------
Melee: Unarmed           |    90 |   191 |   221 ||   502
       Kick              |    15 |     6 |     2 ||    23
       Headbutt          |    10 |     5 |     2 ||    17
       Tailslap          |     9 |     3 |     3 ||    15
       Punch             |       |     3 |       ||     3
 Cast: Beastly Appendage |    23 |    12 |     1 ||    36
       Wereblood         |     2 |     9 |     7 ||    18
       Spider Form       |       |    12 |    25 ||    37
       Ice Form          |       |       |     3 ||     3
       Ozocubu's Armour  |       |       |     1 ||     1
 Abil: Breathe Frost     |       |       |     2 ||     2
  Use: Scroll            |     4 |     7 |    11 ||    22
       Potion            |       |     3 |     1 ||     4
 Stab: Distracted        |       |       |     1 ||     1
Armor: Skin              |    29 |   137 |    57 ||   223
Dodge: Dodged            |    63 |   178 |   171 ||   412

Table legend: (Time is in decaauts)
 A = Elapsed time spent in this place.
 B = Non-inter-level travel time spent in this place.
 C = Inter-level travel time spent in this place.
 D = Time resting spent in this place.
 E = Time spent auto-exploring this place.
 F = Levels seen in this place.
 G = Mean time per level.
                   A        B        C        D        E       F      G
               +--------+--------+--------+--------+--------+-----+--------+
         Total |   7430 |   7285 |    145 |   1722 |   4036 |   7 | 1061.4 |
       Dungeon |   6652 |   6507 |    145 |   1308 |   4009 |   6 | 1108.7 |
         Sewer |    777 |    777 |      0 |    414 |     26 |   1 |  777.0 |
               +--------+--------+--------+--------+--------+-----+--------+

Top non-repeatable levels by time:
     D:4: 1715 daAuts
     D:1: 1473 daAuts
     D:5: 1338 daAuts
     D:2: 1064 daAuts
     D:3: 817 daAuts
   Sewer: 777 daAuts
     D:6: 242 daAuts
